 Dungeon Crawl Stone Soup version 0.16-a0-2675-g216447c (console) character file.

51657 utis the Purifying Dwarf (level 14, 0/129 HPs)
             Began as a Deep Dwarf Fighter on Nov 24, 2014.
             Was a High Priest of Elyvilon.
             Slain by a hell knight
             ... wielding a +5 glaive of chopping
              (8 damage)
             ... on level 1 of the Abyss.
             The game lasted 01:34:11 (28299 turns).

utis the Purifying Dwarf (Deep Dwarf Fighter)      Turns: 28299, Time: 01:34:12

Health: 0/129      AC: 28    Str: 26    XL:     14   Next: 24%
Magic:  26/26      EV:  7    Int: 12    God:    Elyvilon [*****.]
Gold:   1640       SH:  0    Dex: 12    Spells: 0 memorised, 13 levels left

rFire  + . .     SeeInvis +     a - +3 great sword (freeze)
rCold  + . .     Clarity  .     S - +2 plate armour {rF+}
rNeg   + . .     SustAb   .     (no shield)
rPois  .         Gourm    .     b - +2 helmet
rElec  .         Spirit   .     o - +1 cloak {MR+}
rCorr  +         Warding  .     r - +0 pair of gloves
rMut   .         Stasis   .     l - +2 pair of boots
MR     ++++.                    Q - amulet of resist corrosion
Stlth  ..........               z - ring of protection from magic
                                F - ring of Cowardice {rC+ Str+4 SInv}

@: lethally poisoned, weakened, non-regenerating, incredibly resistant to
hostile enchantments, extremely unstealthy
A: damage resistance, recharge devices, negative energy resistance 1, sense
surroundings 2, slow healing 3
a: Device Recharging, Lesser Healing, Lesser Self-Healing, Divine Protection,
Purification, Greater Healing, Greater Self-Healing, Divine Vigour, Renounce
Religion


You were on level 1 of the Abyss.
You worshipped Elyvilon.
Elyvilon was extremely pleased with you.
You were very hungry.

You visited 3 branches of the dungeon, and saw 22 of its levels.
You visited the Abyss 1 time.
You also visited: Bailey.

You collected 2794 gold pieces.
You spent 1154 gold pieces at shops.

Inventory:

Hand weapons
 a - a +3 great sword of freezing (weapon)
 c - a +0 blowgun
 u - a +2 scimitar of holy wrath
Missiles
 s - 6 tomahawks
 w - 78 stones (quivered)
 D - 73 poisoned needles
 J - 6 needles of confusion
 O - 47 tomahawks of returning
 V - 6 poisoned javelins
Armour
 b - a +2 helmet (worn)
 l - a +2 pair of boots (worn)
 o - a +1 cloak of magic resistance (worn)
 r - a +0 pair of gloves (worn)
 S - a +2 plate armour of fire resistance (worn)
Jewellery
 g - an uncursed amulet of clarity
 h - an uncursed amulet of resist mutation
 y - an uncursed ring of flight
 z - a ring of protection from magic (right hand)
 F - the ring of Cowardice (left hand) {rC+ Str+4 SInv}
   (You found it on level 5 of the Lair of Beasts)

   [ring of see invisible]

   It affects your strength (+4).
   It protects you from cold.
   It enhances your eyesight.
 I - an uncursed amulet of warding {=f}
 Q - an amulet of resist corrosion (around neck)
Magical devices
 d - a wand of heal wounds (1)
 v - a wand of disintegration (14)
 U - a wand of digging (5)
 X - a wand of flame (23)
 Y - a wand of lightning (5)
 Z - a wand of confusion (29)
Scrolls
 i - 5 scrolls of blinking {!r}
 j - 3 scrolls of fog
 n - a scroll of enchant weapon
 t - 6 scrolls of magic mapping
 A - 2 scrolls of remove curse
 E - 10 scrolls of teleportation {!r}
 H - 6 scrolls of recharging
 W - 2 scrolls of identify
Potions
 e - 3 potions of might
 k - a potion of flight
 p - 2 potions of brilliance
 q - 3 potions of invisibility
 C - 3 potions of magic
 G - 2 potions of cancellation
 K - 7 potions of curing
 N - 2 potions of haste
 P - 3 potions of resistance
 R - a potion of agility
 T - a potion of restore abilities {unknown}
Comestibles
 f - 7 bread rations
 m - 3 chunks of flesh
 x - 3 meat rations
 B - a slice of pizza
 L - 20 royal jellies
 M - 11 fruits


   Skills:
 + Level 9.6 Fighting
 - Level 12.3 Long Blades
 - Level 11.1 Armour
 - Level 1.6 Dodging
   Level 3.2 Shields
 - Level 20.2 Invocations


You had 13 spell levels left.
You didn't know any spells.

Dungeon Overview and Level Annotations

Branches:
Dungeon (11/15)            Temple (0/1) D:7            Lair (8/8) D:11
 Shoals (0/5) Lair:4        Snake (0/5) Lair:6        Slime (0/6) Lair:7
    Orc (3/4) D:11            Elf (0/3) Orc:3

Altars:
Elyvilon
Kikubaaqudgha
Makhleb
Okawaru
Qazlal
Ru
Trog

Shops:
D:5 (   D:6 *   Orc:1 [

Annotations:
D:6 Prince Ribbit
D:8 runed door


Innate Abilities, Weirdness & Mutations

You are resistant to damage.
You can recharge devices by infusing magical energy.
You resist negative energy.
You passively map the area around you.
You do not heal naturally.


Message History

The orange demon stings you.
You are poisoned.
The orange demon poisons you!
You feel your attacks grow feeble.
The orange demon hits you but does no damage.
A chorus of shrieks assaults your mind.
* * * LOW HITPOINT WARNING * * *
The hell knight hits you with a glaive of chopping!
* * * LOW HITPOINT WARNING * * *
x2 You continue eating.
The orange demon stings you but does no damage.
The orange demon hits you but does no damage.
The hell knight hits you but does no damage.
You continue eating.
The orange demon stings you but does no damage.
The orange demon hits you but does no damage.
A chorus of shrieks assaults your mind.
* * * LOW HITPOINT WARNING * * *
The hell knight hits you with a glaive of chopping!
You die...

▓▓.▓▓▓. ▓.▓
▓ ▓..▓...▓
▓. ▓ ▓..▓..
.▓..▓▓▓▓
▓..▓▓.▓..
..▓ ▓▓▓ ▓
... .▓▓. .
▓.▓▓▓....▓
▓▓. ▓
▓..XX..▓
....▓
▓▓▓▓pX▓▓▓.▓
▓▓▓▓▓
▓..g4▓▓ ▓▓▓
▓..▓▓▓ ▓▓▓▓


You could see 3 starcursed masses, a hell knight and an orange demon.

Vanquished Creatures
  An Executioner (Abyss:1)
  Josephine (Orc:2)
  Harold (D:11)
  Nessos (D:11)
  3 death yaks
  A fire crab (Lair:7)
  An unseen horror (D:10)
  2 hill giants
  3 orc knights
  A necromancer (Lair:4)
  2 ugly things (D:11)
  2 black mambas (Lair:7)
  2 centaur zombies
  3 elephants
  A torpor snail (Lair:4)
  3 spiny frogs
  Psyche (D:9)
  A naga (Lair:6)
  A queen bee (Lair:1)
  10 polar bears
  A blink frog (Lair:7)
  A boulder beetle (Lair:6)
  A troll (Orc:1)
  13 yaks
  8 hippogriffs
  A wyvern (Lair:8)
  14 wolves
  7 water moccasins
  6 wargs (Lair:8)
  4 phantoms
  7 porcupines
  4 hell hounds (Lair:8)
  7 orc warriors
  11 black bears (Lair:8)
  4 centaurs
  5 crocodiles
  An elephant zombie (Lair:4)
  A boring beetle (Lair:8)
  8 ogres
  Duvessa (Orc:1)
  5 big kobolds
  A komodo dragon zombie (Lair:4)
  A wyvern zombie (D:6)
  7 giant frogs
  3 scorpions
  13 wights
  25 killer bees (Lair:1)
  Dowan (Orc:1)
  4 crimson imps
  2 gnoll shamans
  4 goliath beetles
  A giant frog zombie (D:6)
  13 hounds
  11 jellies
  A basilisk zombie (Lair:4)
  6 orc priests
  4 iguanas
  2 centaur skeletons
  11 worker ants
  12 orc wizards
  Ijyb (D:2)
  5 sheep
  A hound zombie (D:8)
  2 hound skeletons
  A worker ant zombie (D:8)
  22 adders
  22 gnolls
  15 river rats
  2 giant mites
  5 worms
  An adder skeleton (D:4)
  5 giant geckos
  65 orcs
  15 bats
  45 hobgoblins
  7 jackals
  33 kobolds
  8 quokkas
  A ball python (D:7)
  5 giant cockroaches
  7 giant newts
  51 goblins
  2 orc zombies (Orc:2)
  A quokka skeleton (D:5)
  12 rats
  4 ballistomycetes
  A plant (Lair:8)
612 creatures vanquished.

Vanquished Creatures (others)
  A manticore (Lair:8)
  3 elephants
  A komodo dragon (Lair:8)
  3 spiny frogs
  A basilisk (Lair:7)
  8 yaks
  A hippogriff (Lair:5)
  2 porcupines
  2 water moccasins
  A necrophage (Lair:4)
  An orc warrior (D:10)
  A black bear (D:10)
  4 giant frogs
  A wight (D:11)
  3 hounds
  5 orc priests
  3 iguanas
  3 orc wizards
  A killer bee zombie (D:10)
  3 sheep (Lair:4)
  A mummy (D:11)
  2 gnolls (D:10)
  An adder (Lair:2)
  6 river rats
  48 orcs
  4 goblins
  A hobgoblin (Bailey)
  3 quokkas
  2 giant spores
  2 jackals (Lair:8)
  2 kobolds
  An orc simulacrum (Orc:2)
  2 orc skeletons (Orc:2)
  An orc zombie (Orc:2)
  2 rats
  2 fungi
  2 plants (Lair:8)
130 creatures vanquished.

Grand Total: 742 creatures vanquished

Notes
Turn   | Place    | Note
--------------------------------------------------------------
     0 | D:1      | utis, the Deep Dwarf Fighter, began the quest for the Orb.
     0 | D:1      | Reached XP level 1. HP: 20/20 MP: 1/1
   540 | D:1      | Reached XP level 2. HP: 21/27 MP: 2/2
  1057 | D:2      | Reached XP level 3. HP: 19/33 MP: 3/3
  1232 | D:2      | Reached skill level 4 in Long Blades
  1481 | D:2      | Noticed Ijyb
  1501 | D:2      | Killed Ijyb
  1501 | D:2      | Reached XP level 4. HP: 8/40 MP: 4/4
  2446 | D:3      | Reached skill level 5 in Long Blades
  2607 | D:3      | Found a sacrificial altar of Ru.
  2758 | D:3      | Reached XP level 5. HP: 32/46 MP: 5/5
  3654 | D:3      | Found an iron altar of Okawaru.
  3866 | D:3      | Reached skill level 6 in Long Blades
  3961 | D:4      | Reached XP level 6. HP: 47/55 MP: 6/6
  4208 | D:4      | Noticed an ogre
  4215 | D:4      | Killed an ogre
  4314 | D:4      | Reached skill level 7 in Long Blades
  4835 | D:4      | Reached XP level 7. HP: 41/61 MP: 6/6
  5131 | D:4      | Reached skill level 8 in Long Blades
  6080 | D:4      | Reached skill level 5 in Fighting
  6396 | D:5      | Entered Level 5 of the Dungeon
  6451 | D:4      | Reached XP level 8. HP: 48/74 MP: 6/6
  6490 | D:5      | Found Tiusch's Weapon Boutique.
  6515 | D:5      | Bought a +2 vampiric long sword for 247 gold pieces
  6776 | D:5      | Reached skill level 5 in Armour
  7383 | D:6      | Found an ancient bone altar of Kikubaaqudgha.
  7385 | D:6      | Found Ycloruargh's Profane Products.
  8148 | D:6      | Reached skill level 9 in Armour
  8148 | D:6      | Gained mutation: You passively map the area around you. [level up]
  8148 | D:6      | Reached XP level 9. HP: 60/81 MP: 6/6
  8413 | D:6      | Found a sacrificial altar of Ru.
  8413 | D:6      | Noticed Prince Ribbit
  8667 | D:6      | Found an ancient bone altar of Kikubaaqudgha.
  8668 | D:6      | Found a white marble altar of Elyvilon.
  8721 | D:6      | Found a bloodstained altar of Trog.
  8995 | D:7      | Reached skill level 10 in Armour
  9024 | D:7      | Found a staircase to the Ecumenical Temple.
  9216 | D:7      | Noticed a centaur zombie
  9232 | D:7      | Killed a centaur zombie
  9322 | D:7      | Found a burning altar of Makhleb.
  9401 | D:7      | Reached skill level 11 in Armour
  9498 | D:6      | Became a worshipper of Elyvilon the Healer
  9766 | D:7      | Reached skill level 1 in Invocations
 10422 | D:7      | Acquired Elyvilon's first power
 10493 | D:8      | Reached skill level 5 in Invocations
 10550 | D:8      | Found a huge runed gate.
 10551 | D:8      | Found a huge runed gate.
 10551 | D:8      | Noticed a death yak
 10552 | D:8      | Found a huge runed gate.
 10553 | D:8      | Found a huge runed gate.
 10555 | D:8      | Noticed a griffon
 10832 | D:8      | Found a stormy altar of Qazlal.
 11095 | D:8      | Reached XP level 10. HP: 67/88 MP: 13/15
 11335 | D:9      | Noticed Psyche
 11610 | D:9      | Killed Psyche
 11770 | D:9      | Acquired Elyvilon's second power
 12802 | D:10     | Entered Level 10 of the Dungeon
 12808 | D:10     | Noticed a hill giant
 12836 | D:10     | Noticed a four-headed hydra
 13048 | D:10     | Reached skill level 10 in Invocations
 13144 | D:10     | Found a flagged portal.
 13165 | Bailey   | Entered a bailey
 13306 | Bailey   | Noticed an orc knight
 13337 | Bailey   | Killed an orc knight
 14147 | D:10     | Reached skill level 12 in Invocations
 14206 | D:10     | Killed a hill giant
 14342 | D:10     | Killed an unseen horror
 14342 | D:10     | Reached skill level 13 in Invocations
 14586 | D:10     | Reached XP level 11. HP: 90/94 MP: 19/21
 14586 | D:10     | Acquired Elyvilon's third power
 14727 | D:10     | Pacified a four-headed hydra
 15236 | D:11     | Reached skill level 14 in Invocations
 15509 | D:11     | Noticed a death yak
 15509 | D:11     | Noticed a death yak
 15510 | D:11     | Noticed a death yak
 15562 | D:10     | Killed a death yak
 15714 | D:11     | Noticed a hill giant
 15788 | D:11     | Killed a hill giant
 15800 | D:11     | Reached skill level 15 in Invocations
 15824 | D:11     | Identified a scroll of acquirement
 15967 | D:11     | Noticed Harold
 16012 | D:11     | Killed Harold
 16113 | D:11     | Found a staircase to the Orcish Mines.
 16145 | D:11     | Was placed under penance by Elyvilon
 16162 | Orc:1    | Entered Level 1 of the Orcish Mines
 16286 | D:11     | Noticed Nessos
 16287 | D:11     | Found a staircase to the Lair.
 16392 | Lair:1   | Entered Level 1 of the Lair of Beasts
 16414 | Lair:1   | Was forgiven by Elyvilon
 16553 | Lair:1   | Found a labyrinth entrance.
 16753 | Lair:1   | Reached skill level 16 in Invocations
 17669 | Lair:1   | Reached skill level 17 in Invocations
 18203 | Lair:2   | Reached XP level 12. HP: 101/103 MP: 20/23
 18847 | Lair:3   | Reached skill level 18 in Invocations
 19030 | Lair:3   | Acquired Elyvilon's fourth power
 19824 | Lair:4   | Found a staircase to the Shoals.
 19830 | Lair:4   | Noticed an eight-headed hydra
 19832 | Lair:4   | Pacified an eight-headed hydra
 19832 | Lair:4   | Reached skill level 19 in Invocations
 20262 | Lair:5   | Noticed a five-headed hydra
 20263 | Lair:5   | Pacified a five-headed hydra
 20526 | Lair:5   | Reached skill level 20 in Invocations
 20798 | Lair:5   | Got a heavily runed granite ring
 20835 | Lair:5   | Identified the ring of Cowardice {rC+ Str+4 SInv} (You found it on level 5 of the Lair of Beasts)
 21258 | Lair:6   | Reached skill level 1 in Dodging
 22021 | Lair:6   | Reached XP level 13. HP: 109/109 MP: 22/25
 22023 | Lair:6   | Found a staircase to the Snake Pit.
 22845 | Lair:7   | Got a fine spear
 22998 | Lair:7   | Reached skill level 10 in Long Blades
 23118 | Lair:7   | Found a staircase to the Slime Pits.
 23799 | Lair:8   | Entered Level 8 of the Lair of Beasts
 26056 | D:11     | Killed a death yak
 26056 | D:11     | Gained mutation: You resist negative energy. [level up]
 26056 | D:11     | Reached XP level 14. HP: 81/126 MP: 26/26
 26066 | D:11     | Killed a death yak
 26122 | D:11     | Killed Nessos
 26729 | Orc:2    | Noticed Josephine
 26748 | Orc:2    | Killed Josephine
 27275 | Orc:1    | Noticed Duvessa
 27275 | Orc:1    | Noticed Dowan
 27291 | Orc:1    | Killed Duvessa
 27295 | Orc:1    | Killed Dowan
 27516 | Orc:1    | Found Ukoizuus' Antique Armour Emporium.
 27643 | Orc:1    | Bought a runed cloak for 148 gold pieces
 27643 | Orc:1    | Bought a runed plate armour for 759 gold pieces
 27742 | Orc:3    | Found a burning altar of Makhleb.
 27948 | Orc:3    | Found a staircase to the Elven Halls.
 28167 | Orc:3    | Cast into the Abyss (orc warrior)
 28212 | Abyss:1  | Noticed an Executioner
 28230 | Abyss:1  | Killed an Executioner
 28235 | Abyss:1  | Paralysed by accursed screaming for 1 turns
 28253 | Abyss:1  | Paralysed by accursed screaming for 1 turns
 28299 | Abyss:1  | Slain by a hell knight

Action                   |  1- 3 |  4- 6 |  7- 9 | 10-12 | 13-15 || total
-------------------------+-------+-------+-------+-------+-------++-------
Melee: Long sword        |   160 |   324 |   782 |   137 |       ||  1403
       Great sword       |       |       |    55 |   645 |   640 ||  1340
       Unarmed           |       |       |       |     3 |       ||     3
 Fire: Blowgun           |       |       |     2 |    11 |     9 ||    22
Throw: Stone             |     1 |   101 |   128 |    73 |    52 ||   355
       Tomahawk          |       |       |       |    25 |     4 ||    29
       Javelin           |       |       |       |     7 |       ||     7
Invok: Lesser Healing    |       |       |    19 |   357 |   134 ||   510
       Lesser Self-Heali |       |       |       |    50 |    35 ||    85
       Greater Self-Heal |       |       |       |    20 |    15 ||    35
 Abil: Device Recharging |       |     1 |     4 |     3 |       ||     8
       Evoke Flight      |       |       |       |     2 |       ||     2
Evoke: Wand              |       |     6 |    16 |    15 |       ||    37
  Use: Scroll            |       |     8 |    12 |    19 |     3 ||    42
       Potion            |       |       |     3 |     3 |       ||     6
  Eat: Chunk             |     2 |    11 |    20 |    76 |    49 ||   158
       Pizza             |       |       |     2 |     3 |     1 ||     6
       Bread ration      |       |       |     1 |     2 |       ||     3
       Fruit             |       |       |     2 |     1 |       ||     3
       Royal jelly       |       |       |       |     4 |       ||     4
       Meat ration       |       |       |       |     1 |       ||     1
